 Dungeon Crawl Stone Soup version 0.21.1-1-g345015f (webtiles) character file.

100 Fortress the Grave Robber (level 4, -4/30 HPs)
             Began as a Vampire Necromancer on June 13, 2018.
             Slain by a gnoll
             ... wielding a +0 spear
              (6 damage)
             ... on level 4 of the Dungeon.
             The game lasted 00:22:41 (3105 turns).

Fortress the Grave Robber (Vampire Necromancer)     Turns: 3105, Time: 00:22:42

Health: -4/30      AC:  2    Str:  5 (8)  XL:     4   Next: 46%
Magic:  8/8        EV: 12    Int: 15 (17) God:
Gold:   98         SH:  0    Dex: 12 (14) Spells: 6/8 levels left

rFire    . . .     SeeInvis +   e - +0 dagger
rCold    . . .     Gourm    .   (no shield)
rNeg     + . .     Faith    .   a - +0 robe
rPois    .         Spirit   .   (no helmet)
rElec    .         Reflect  .   (no cloak)
rCorr    .         Harm     .   (no gloves)
MR       .....                  (no boots)
Stlth    ++........             (no amulet)
HPRegen  0.10/turn              (no ring)
MPRegen  0.11/turn              (no ring)

@: lethally poisoned (-4 -> -8)
A: fangs 3, see invisible, unbreathing
a: Bat Form


You were on level 4 of the Dungeon.
You were not thirsty.

You visited 1 branch of the dungeon, and saw 4 of its levels.

You collected 98 gold pieces.

Inventory:

Hand Weapons
 c - a +0 flail
 e - a +0 dagger (weapon)
Missiles
 f - a stone (quivered)
 k - 24 arrows
 q - 29 bolts
Armour
 a - a +0 robe (worn)
Scrolls
 d - 3 scrolls of identify {unknown}
 g - a scroll of fog {unknown}
 h - 2 scrolls of immolation {unknown}
 i - a scroll of magic mapping {unknown}
 j - a scroll of amnesia {unknown}
 o - a scroll of enchant weapon {unknown}
 p - a scroll of teleportation {unknown}
Potions
 n - a potion of ambrosia
Books
 b - a book of Necromancy

   Spells                             Type                      Level
   a - Pain                           Necromancy                   1
   b - Animate Skeleton               Necromancy                   1
   c - Vampiric Draining              Necromancy                   3
   d - Regeneration                   Charms/Necromancy            3
   e - Animate Dead                   Necromancy                   4
   f - Borgnjor's Vile Clutch         Necromancy/Earth             5


   Skills:
 * Level 2.0 Short Blades
 + Level 2.4 Dodging
 + Level 3.5 Stealth
 + Level 2.8 Spellcasting
 + Level 5.2 Necromancy


You had 6 spell levels left.
You knew the following spells:

 Your Spells              Type           Power        Failure   Level  Hunger
a - Pain                  Necr           ###.         2%          1    #......
b - Animate Skeleton      Necr           N/A          2%          1    #......


Dungeon Overview and Level Annotations

Branches:
Dungeon (4/15)
 Temple: D:4-7

Altars:
Gozag


Innate Abilities, Weirdness & Mutations

You have razor-sharp teeth.
You have supernaturally acute eyesight. (SInv)
You can survive without breathing.


Message History

You feel magically purged.
You feel less invigorated.
You feel less confused.
The orc priest shouts!
The adder bites you.
You are poisoned.
The adder poisons you! The gnoll hits you with a flail. The gnoll misses you.
The gnoll hits you with a spear.
* * * LOW HITPOINT WARNING * * *
* * * LOW HITPOINT WARNING * * *
You feel sick. The gnoll closely misses you. The gnoll misses you.
The adder bites you but does no damage.
Found a ration.
* * * LOW HITPOINT WARNING * * *
You feel sick.
It was a potion of degeneration.
There was something very wrong with that liquid.
You feel weakened.
You feel dopey.
You feel clumsy. The gnoll completely misses you. The adder misses you.
The gnoll hits you with a spear.
You die...

#. #. .%#. .#
..... .. ..[..
## #. ......
#..#. .!...!
#....##....#
### #@g...$#
.....##gS.#.##.
......gg.......
.......$.#..##.
.....w.........
...............
...............
.......#.#....<
.)..... ..####.


You could see 4 gnolls, an adder and a dart slug.

Vanquished Creatures
  3 adders (D:2)
  2 worms
  A dart slug (D:3)
  A leopard gecko (D:3)
  4 orcs (D:3)
  3 giant cockroaches
  A goblin (D:2)
  5 hobgoblins
  4 jackals (D:3)
  4 kobolds
  3 ball pythons
  4 bats
  4 rats
39 creatures vanquished.

Vanquished Creatures (collateral kills)
  A gnoll (D:3)
  A dart slug (D:1)
  2 hobgoblins (D:1)
  2 ball pythons
  A kobold (D:1)
  6 rats (D:1)
13 creatures vanquished.

Grand Total: 52 creatures vanquished

Notes
Turn   | Place    | Note
-------+----------+-------------------------------------------
     0 | D:1      | Fortress the Vampire Necromancer began the quest for the Orb.
     0 | D:1      | Reached XP level 1. HP: 13/13 MP: 3/3
    13 | D:1      | Learned a level 1 spell: Animate Skeleton
   165 | D:1      | Reached XP level 2. HP: 16/19 MP: 0/5
   314 | D:1      | Reached skill level 1 in Short Blades
   926 | D:2      | Reached XP level 3. HP: 22/24 MP: 2/6
   968 | D:2      | Found an opulent altar of Gozag.
  1581 | D:2      | Reached skill level 5 in Necromancy
  2054 | D:3      | Reached XP level 4. HP: 21/30 MP: 2/8
  3098 | D:3      | HP: 1/30 [gnoll/spear (3)]
  3105 | D:4      | Slain by a gnoll

Skill      XL: |  1  2  3  4 |
---------------+-------------+-----
Short Blades   | 1 2 |  2.0
Necromancy     | 5 |  5.2
Dodging        | |  2.4
Stealth        | |  3.5
Spellcasting   | |  2.8

Action                   |  1- 3 |  4- 6 || total
-------------------------+-------+-------++-------
Melee: Dagger            |    19 |    26 ||    45
       Bite              |     1 |     1 ||     2
 Cast: Pain              |    46 |    27 ||    73
       Animate Skeleton  |    20 |     6 ||    26
  Use: Potion            |     3 |     3 ||     6
 Stab: Sleeping          |     1 |       ||     1
       Distracted        |       |     1 ||     1
  Eat: Corpse            |       |     5 ||     5
Armor: Robe              |     2 |     3 ||     5
Dodge: Dodged            |    21 |    44 ||    65
